Map: Catalyst LE

Players

Taquacman - Winner!

  • Race: Terran Terran
  • League: Master
  • Spawn Location: 5:00

Maya

  • Race: Zerg Zerg
  • League: Master
  • Spawn Location: 11:00

VOD

Have the link to the VOD?

Description

Time

  • Played on: March 28, 2018, 2:25 p.m.
  • Length: 9:15
Show
View Real Time Build Order
Export as new Build Order

Taquacman Terran - Winner!

Build Orders: Reaper Expand, MMM Bio 

Get SALT Encoding   

  12  0:00  SCV  
  13  0:12  SCV  
  14  0:17  Supply Depot  
  14  0:24  SCV  
  15  0:38  SCV  
  15  0:40  Barracks  
  16  0:43  Refinery  
  16  0:50  SCV  
  17  1:02  SCV  
  18  1:15  SCV  
  19  1:27  Reaper, Orbital Command  
  20  1:42  Command Center  
  20  1:53  SCV  
  21  1:55  Supply Depot  
  21  1:59  Barracks Reactor  
  21  2:05  SCV  
  22  2:14  Barracks  
  22  2:17  SCV  
  22  2:22  Factory  
  23  2:27  Refinery  
  23  2:31  SCV  
  24  2:41  Marine x2  
  24  2:43  SCV  
  27  2:55  SCV, Orbital Command  
  28  3:00  Marine x2  
  30  3:07  Barracks Tech Lab  
  30  3:11  SCV, Starport  
  31  3:14  Factory Reactor  
  31  3:18  Marine x2  
  33  3:23  SCV  
  34  3:30  SCV, Supply Depot  
  35  3:43  Marine x2  
  35  3:44  Marine  
  35  3:45  Stimpack, SCV x2  
  40  3:52  Widow Mine x2  
  44  4:01  Marine x2  
  46  4:13  SCV x2  
  46  4:15  Medivac  
  52  4:19  Marine x2  
  52  4:28  Factory Tech Lab  
  51  4:32  SCV x2  
  51  4:36  Marine  
  54  4:39  Command Center  
  54  4:44  Supply Depot  
  54  4:56  Supply Depot  
  54  4:57  Engineering Bay x2  
  54  5:06  Siege Tank, SCV x2  
  59  5:14  Barracks  
  59  5:15  Barracks  
  59  5:18  SCV x2  
  61  5:21  Supply Depot  
  61  5:22  Barracks  
  61  5:26  Marine x2  
  63  5:30  SCV x2  
  63  5:31  Marine  
  63  5:35  Terran Infantry Weapons Level 1  
  66  5:37  Terran Infantry Armor Level 1  
  66  5:42  SCV x2  
  68  5:43  Supply Depot  
  68  5:46  Medivac  
  70  5:53  Combat Shields, Marine x2  
  70  5:54  SCV, Marine  
  74  5:57  Supply Depot  
  74  5:59  SCV  
  75  6:05  Barracks Reactor x2  
  75  6:09  SCV  
  76  6:11  SCV, Marine x2  
  76  6:12  Refinery  
  76  6:14  Refinery  
  79  6:20  Orbital Command  
  79  6:21  SCV  
  79  6:24  SCV  
  82  6:26  Supply Depot  
  82  6:33  SCV, Marine  
  82  6:35  Barracks Reactor  
  82  6:36  Siege Tank  
  82  6:37  SCV  
  87  6:44  Supply Depot  
  87  6:45  SCV  
  88  6:49  SCV  
  88  6:50  Marine x6  
  95  6:55  Armory  
  93  7:09  Marine  
  93  7:10  Marine x7  
  93  7:11  Marine  
  99  7:25  Siege Tank  
  99  7:27  Marine x2  
  99  7:28  Marine x4  
  108  7:30  SCV x3  
  108  7:32  Marine x2  
  113  7:39  Barracks  
  113  7:41  Marine  
  113  7:42  Medivac x2  
  113  7:43  Barracks  
  113  7:44  SCV x2  
  119  7:45  Marine x2  
  119  7:50  Bunker  
  119  7:51  SCV  
  123  7:52  Marine x2  
  123  7:53  Barracks  
  123  7:54  Supply Depot  
  123  7:58  SCV  
  122  8:08  SCV x2  
  122  8:10  Marine  
  125  8:15  Marine x7  
  125  8:16  Supply Depot x2, Marine  
  133  8:28  Missile Turret  
  133  8:31  Missile Turret  
  133  8:37  Marine x3  
  134  8:52  Marauder, Marine x3  
  139  8:57  Marine x3  
  139  9:02  Barracks Tech Lab x2  
Show
View Real Time Build Order
Export as new Build Order

Maya Zerg 

Build Orders: Hatch First 

Get SALT Encoding   

  12  0:00  Drone  
  13  0:13  Overlord  
  13  0:17  Drone  
  14  0:31  Drone x2  
  16  0:35  Drone  
  17  0:53  Hatchery  
  17  0:55  Drone  
  17  0:59  Drone  
  18  1:10  Extractor  
  17  1:14  Spawning Pool  
  17  1:17  Drone  
  17  1:20  Drone  
  18  1:30  Drone  
  19  1:38  Overlord  
  19  1:50  Drone  
  20  2:01  Queen, Zergling x2  
  22  2:05  Queen  
  22  2:06  Zergling x2  
  26  2:20  Hatchery  
  25  2:25  Drone  
  25  2:26  Drone  
  26  2:40  Drone x3  
  29  2:49  Spore Crawler  
  28  2:56  Drone x4  
  33  3:01  Overlord  
  33  3:04  Pneumatized Carapace  
  33  3:08  Metabolic Boost  
  33  3:13  Drone  
  33  3:18  Queen  
  35  3:33  Drone  
  35  3:34  Drone x6  
  37  3:38  Drone  
  42  3:43  Drone x2  
  42  3:44  Drone  
  42  3:47  Drone  
  46  3:50  Drone x2  
  46  3:52  Overlord  
  48  3:58  Drone x2  
  50  4:08  Zergling x2  
  50  4:10  Queen  
  50  4:16  Drone x6  
  58  4:42  Overlord x5  
  58  4:50  Overlord x2  
  58  4:56  Zergling x2, Evolution Chamber  
  58  4:57  Evolution Chamber  
  58  4:58  Zergling x2  
  58  5:00  Queen x2  
  58  5:02  Zergling x8  
  58  5:05  Zergling x6  
  69  5:11  Zergling x10  
  69  5:13  Zergling x2  
  75  5:16  Lair  
  75  5:18  Drone x3  
  78  5:22  Drone x2  
  80  5:31  Drone  
  80  5:32  Drone  
  82  5:37  Drone  
  82  5:38  Drone x3  
  82  5:40  Overlord  
  82  5:41  Overlord  
  86  5:45  Drone  
  86  5:48  Zerg Ground Armor Level 1  
  87  5:51  Extractor x2  
  87  5:53  Extractor  
  87  5:54  Extractor  
  87  5:55  Drone  
  87  5:56  Drone x4  
  88  6:02  Drone x2  
  90  6:11  Hatchery  
  89  6:12  Extractor, Drone x2  
  89  6:18  Drone x2  
  92  6:23  Hydralisk Den  
  91  6:27  Drone x5  
  91  6:30  Zergling x2  
  97  6:35  Drone  
  98  6:40  Zerg Melee Weapons Level 1  
  98  6:43  Queen  
  98  6:44  Baneling Nest  
  98  6:46  Zergling x12  
  105  6:51  Zergling x4  
  105  6:53  Queen  
  109  6:54  Queen  
  109  6:56  Grooved Spines  
  109  6:58  Zergling x2  
  112  7:08  Zergling x12  
  108  7:14  Hydralisk  
  108  7:15  Hydralisk  
  112  7:20  Hydralisk x3  
  112  7:21  Hydralisk  
  112  7:24  Zergling x2  
  112  7:33  Centrifical Hooks  
  112  7:36  Baneling x14  
  112  7:37  Zergling x2  
  113  7:39  Overlord x7  
  113  7:50  Hatchery  
  112  7:51  Overlord  
  112  7:52  Overlord x2  
  112  7:56  Infestation Pit  
  111  8:04  Drone  
  111  8:05  Drone x5  
  114  8:14  Hydralisk x2  
  114  8:15  Hydralisk  
  120  8:25  Zergling x12  
  120  8:26  Hatchery  
  124  8:39  Hydralisk  
  124  8:40  Zergling x4  
  123  8:42  Baneling  
  123  8:43  Baneling  
  123  8:45  Hydralisk, Baneling  
  123  8:46  Hydralisk x2  
  129  8:49  Baneling x2  
Tags
 
Add a new tag
Caveats
  • Supply blocks, unpowered buildings, or Contaminate may cause inaccurate times.
  • Supply counts are checked every 10 seconds.